 Dungeon Crawl Stone Soup version 0.26.0-3-g156281e41b (webtiles) character file.

Game seed: 7333720509095597506

119 XxsatanxX the Magician (level 4, -2/32 HPs)
             Began as a Mummy Arcane Marksman on Jan 10, 2021.
             Killed from afar by an orc wizard (12 damage)
             ... with a puff of flame
             ... on level 3 of the Dungeon.
             The game lasted 00:05:54 (3105 turns).

XxsatanxX the Magician (Mummy Arcane Marksman)      Turns: 3105, Time: 00:05:55

Health: -2/32      AC:  3    Str: 13    XL:     4   Next: 74%
Magic:  10/10      EV: 11    Int: 12    God:
Gold:   68         SH:  0    Dex: 13    Spells: 8/11 levels left

rFire    x . .     SeeInvis .   a - +0 shortbow
rCold    + . .     Faith    .   (shield currently unavailable)
rNeg     + + +     Spirit   .   h - +0 leather armour
rPois    ∞         Reflect  .   (no helmet)
rElec    .         Harm     .   (no cloak)
rCorr    .         Rampage  .   (no gloves)
Will     .....                  (no boots)
Stlth    +.........             (no amulet)
HPRegen  0.10/turn              (no ring)
MPRegen  0.12/turn              (no ring)

@: no status effects
A: no potions, fire vulnerability, cold resistance 1, negative energy resistance
3, torment resistance, unbreathing
a: no special abilities


You were on level 3 of the Dungeon.
You visited 1 branch of the dungeon, and saw 3 of its levels.

You collected 68 gold pieces.

Inventory:

Hand Weapons
 a - a +0 shortbow (weapon)
 l - a +0 dagger of flaming
Missiles
 d - 38 arrows (quivered ammo)
Armour
 e - a +0 robe
 h - a +0 leather armour (worn)
Wands
 k - a wand of flame (9)
Scrolls
 b - 2 scrolls of teleportation {unknown}
 c - 4 scrolls of magic mapping
 f - a scroll of immolation {unknown}
 g - 2 scrolls of identify {unknown}
 i - a scroll of fear {unknown}
 j - a scroll of remove curse {unknown}


   Skills:
 - Level 1.0 Fighting
 + Level 3.1 Bows
 - Level 1.5 Dodging
 + Level 4.0 Spellcasting
 - Level 2.6 Hexes


You had 8 spell levels left.
You knew the following spells:

 Your Spells              Type           Power        Failure   Level
a - Corona                Hex            8%           10%         1
b - Slow                  Hex            8%           14%         2

Your spell library contained the following spells:

 Spells                   Type           Power        Failure   Level
 Inner Flame              Hex/Fire       5%           43%         3
 Portal Projectile        Hex/Tloc       10%          43%         3
 Cause Fear               Hex            4%           67%         4
 Leda's Liquefaction      Hex/Erth       2%           85%         4


Dungeon Overview and Level Annotations

Branches:
Dungeon (3/15)

Altars:
Gozag
Trog


Innate Abilities, Weirdness & Mutations

You do not drink.
Your flesh is vulnerable to fire.
You are immune to poison.
Your flesh is cold resistant. (rC+)
You are immune to negative energy. (rN+++)
You are immune to unholy pain and torment.
You can survive without breathing.


Message History

Press: ? - help, Shift-Dir - straight line, f/p - orc wizard
Aim: an orc wizard, wielding a +0 dagger and wearing a +0 robe (chance to affect: 43%)
The orc wizard seems to slow down.
You shoot an arrow. The arrow hits the orc wizard.
The orc wizard is lightly wounded.
An orc comes into view. It is wielding a +0 flail.
The orc wizard gestures at you while chanting.
The puff of flame hits you! The fire burns you terribly!
You shoot an arrow.
The arrow hits the orc wizard but does no damage.
The orc wizard is lightly wounded.
The orc priest calls down the wrath of Beogh upon you.
Beogh smites you!
* * * LOW HITPOINT WARNING * * *
The orc wizard is no longer moving slowly.
The orc wizard casts a spell.
The orc wizard seems to speed up.
The orc wizard casts a spell at you. The puff of flame hits you!
The fire burns you terribly!
You die...

...........o........# #.#
....#.#.##.#####...## #.#
##.......#.### ##o## #.#
#.......).(.# #o#############.#
##.......#.#.# ##...............#
...........#.###.................
##..(....###.##...#######..######
)........# #.#.....#### #..#
##..(....# #....@.....# #..#
##.###### ###.....##.###..# ###.#
##.<.##...##..# ....#
##.##.....#..# ....#
#...........# ##### ####.....#.##
##...##.# ##.###.# #.# #.#


You could see an orc wizard (fast) and an orc.

Vanquished Creatures
  An orc priest (D:3)
  A gnoll (D:1)
  2 worms
  2 dart slugs (D:1)
  A leopard gecko (D:1)
  3 orcs (D:3)
  A ball python (D:3)
  3 giant cockroaches
  7 goblins
  10 hobgoblins
  9 bats
  5 frilled lizards
  11 kobolds
  11 rats
67 creatures vanquished.

Notes
Turn   | Place    | Note
-------+----------+-------------------------------------------
     0 | D:1      | XxsatanxX the Mummy Arcane Marksman began the quest for the
                  | Orb.
     0 | D:1      | Reached XP level 1. HP: 15/15 MP: 2/2
   291 | D:1      | Reached skill level 2 in Spellcasting
   292 | D:1      | Reached XP level 2. HP: 21/21 MP: 5/5
   925 | D:1      | Reached XP level 3. HP: 17/26 MP: 7/7
  1191 | D:1      | Reached skill level 3 in Spellcasting
  2074 | D:2      | Found an opulent altar of Gozag.
  2094 | D:2      | Found a bloodstained altar of Trog.
  2583 | D:2      | Reached XP level 4. HP: 32/32 MP: 9/9
  2820 | D:3      | Reached skill level 4 in Spellcasting
  3036 | D:3      | Learned a level 2 spell: Slow
  3105 | D:3      | Killed from afar by an orc wizard

Illustrated notes

Levels and vault maps discovered:
D:1:      shiori_arrival_elements, layout_basic
D:2:      layout_loops_ring, chequers_temple_overflow_statue_of_worship
D:3:      layout_loops_ring, nzn_hepliaklqana_mist_gate

Skill      XL: |  1  2  3  4 |
---------------+-------------+-----
Spellcasting   | 2 3 4 |  4.0
Bows           | 2 3 |  3.1
Fighting       | |  1.0
Dodging        | |  1.5
Hexes          | |  2.6

Action                   |  1- 3 |  4- 6 || total
-------------------------+-------+-------++-------
 Fire: Shortbow          |   197 |    56 ||   253
 Cast: Slow              |       |     1 ||     1
       Corona            |       |     1 ||     1
  Use: Scroll            |     1 |       ||     1
Armor: Robe              |    19 |       ||    19
       Leather armour    |     4 |     1 ||     5
Dodge: Dodged            |    55 |     5 ||    60
